[Event "IIFL Wealth 4th Mumbai Open"]
[Site "Mumbai"]
[Date "2018.12.30"]
[Round "1"]
[White "Sai, Mahati A"]
[Black "Patil, Ketan"]
[Result "1-0"]
[ECO "D35"]
[WhiteElo "1267"]
[BlackElo "1767"]
[Annotator "NA"]
[PlyCount "149"]
[EventDate "2018.12.30"]
[EventType "swiss"]
[EventCountry "IND"]
[SourceTitle "playchess.com"]
[Source "ChessBase"]
[SourceQuality "1"]
[TimeControl "40/5400+30:1800+30"]

1. d4 d5 2. c4 e6 3. cxd5 exd5 4. Nc3 Nf6 5. Bg5 Be7 6. Nf3 c6 7. e3 Bf5 8. Bd3 Bxd3 9. Qxd3 Nbd7 10. O-O O-O 11. Bxf6 Bxf6 12. b4 a6 13. a4 b5 14. a5 Be7 15. Na2 Bd6 16. Rac1 Rc8 17. Rc2 Qe7 18. Qb3 Rc7 19. Rfc1 Rfc8 20. Re1 Nf6 21. Nd2 Ne4 22. Nxe4 Qxe4 23. Rce2 Re8 24. Qc2 f5 25. Qxe4 Rxe4 26. f3 Re8 27. Rc2 Kf7 28. Kf2 h5 29. Rec1 Rec8 30. h3 h4 31. Ke2 Ke6 32. Kd3 g5 33. e4 fxe4+ 34. fxe4 dxe4+ 35. Kxe4 Bf4 36. Rxc6+ Rxc6 37. Rxc6+ Rxc6 38. d5+ Kd6 39. dxc6 Kxc6 40. Nc3 Bd2 41. Nd5 Kd6 42. Kd4 Be1 43. Ke4 Bg3 44. Kd4 Be5+ 45. Ke4 Ke6 46. Nb6 Bc3 47. Nd5 Be5 48. Nb6 Bg7 49. Nd5 Kd6 50. Ne3 Bc3 51. Nd5 Be1 52. Kd4 Bf2+ 53. Ke4 Bg1 54. Nc3 Ke6 55. Nd5 Bh2 56. Nb6 Bc7 57. Nd5 Bd8 58. Ne3 Bf6 59. Nd5 Be5 60. Nb6 Bf4 61. Nd5 Bg3 62. Nb6 Bb8 63. Nd5 Bd6 64. Kd4 Kf5 65. Kc3 Ke5 66. Ne3 Ke4 67. Ng4 Kf4 68. Nf2 Be7 69. Nd3+ Kg3 70. Nc5 Kxg2 71. Nxa6 Kxh3 72. Nc7 Bf6+ 73. Kd3 Kg3 74. a6 h3 75. a7 1-0

[Event "IIFL Wealth 4th Mumbai Open"]
[Site "Mumbai"]
[Date "2018.12.30"]
[Round "1"]
[White "Rout, Yashita"]
[Black "Bhagyashree, Patil"]
[Result "0-1"]
[ECO "C97"]
[WhiteElo "1264"]
[BlackElo "1758"]
[Annotator "NA"]
[PlyCount "112"]
[EventDate "2018.12.30"]
[EventType "swiss"]
[EventCountry "IND"]
[SourceTitle "playchess.com"]
[Source "ChessBase"]
[SourceQuality "1"]
[TimeControl "40/5400+30:1800+30"]

1. e4 e5 2. Nf3 Nc6 3. Bb5 a6 4. Ba4 Nf6 5. O-O Be7 6. Re1 b5 7. Bb3 d6 8. c3 O-O 9. h3 Na5 10. Bc2 c5 11. d4 Qc7 12. Nbd2 Bb7 13. d5 Ne8 14. b3 Bc8 15. Bb2 g6 16. Nf1 f5 17. Ng3 f4 18. Nf1 g5 19. N1h2 h5 20. Nd2 Nf6 21. Qe2 Kf7 22. f3 Rg8 23. Kh1 g4 24. fxg4 hxg4 25. hxg4 Nxg4 26. Nxg4 Bxg4 27. Nf3 Rg6 28. Qd3 Rag8 29. Re2 Rh6+ 30. Kg1 c4 31. Qd2 Bxf3 32. Rf2 Bh5 33. b4 Nb7 34. a4 Bh4 35. Rff1 Qb6+ 36. Rf2 Bxf2+ 37. Qxf2 Qxf2+ 38. Kxf2 Rhg6 39. Rg1 Nd8 40. a5 Ke8 41. Bc1 Nf7 42. Bd2 Nh6 43. Kf1 R8g7 44. Kf2 Ng4+ 45. Kf1 Ne3+ 46. Bxe3 fxe3 47. g3 Rxg3 48. Rxg3 Rxg3 49. Bb1 e2+ 50. Kf2 Rg1 51. Kxg1 e1=Q+ 52. Kg2 Qe2+ 53. Kg3 Qf3+ 54. Kh2 Bg4 55. Bc2 Qf2+ 56. Kh1 Bf3# 0-1

[Event "IIFL Wealth 4th Mumbai Open"]
[Site "Mumbai"]
[Date "2018.12.30"]
[Round "1"]
[White "Shubham, Rahul Kamble"]
[Black "Sadbhav, Rautela"]
[Result "1/2-1/2"]
[ECO "B51"]
[WhiteElo "1243"]
[BlackElo "1746"]
[Annotator "NA"]
[PlyCount "111"]
[EventDate "2018.12.30"]
[EventType "swiss"]
[EventCountry "IND"]
[SourceTitle "playchess.com"]
[Source "ChessBase"]
[SourceQuality "1"]
[TimeControl "40/5400+30:1800+30"]

1. e4 c5 2. Nf3 d6 3. Bb5+ Nc6 4. Bxc6+ bxc6 5. O-O Nf6 6. Nc3 Bg4 7. h3 Bh5 8. d3 e6 9. Bg5 Be7 10. g4 Bg6 11. Nh4 Nxe4 12. Bxe7 Nxc3 13. Bxd8 Nxd1 14. Bc7 Nxb2 15. Bxd6 Na4 16. Rab1 Kd7 17. Bf4 Nb6 18. a4 Rhd8 19. a5 Nd5 20. Bh2 Nb4 21. Nxg6 hxg6 22. d4 Na6 23. c3 Ke8 24. Rb7 cxd4 25. cxd4 Rxd4 26. Be5 Rd5 27. Bxg7 Rxa5 28. Bf6 Rb5 29. Re7+ Kf8 30. Ra1 Nb4 31. Raxa7 Rxa7 32. Rxa7 Rb8 33. Be5 Rd8 34. Bf6 Rb8 35. Be5 Rd8 36. Bf6 Rb8 37. Kg2 Nd5 38. g5 c5 39. Be5 Rc8 40. Ra2 c4 41. Rc2 f6 42. gxf6 Kf7 43. Kg3 Nxf6 44. Bxf6 Kxf6 45. f4 Kf5 46. Rc3 Ke4 47. Kg4 Kd4 48. Rc1 Kd3 49. Kg5 Rf8 50. Rd1+ Kc2 51. Rd6 Rf5+ 52. Kg4 c3 53. Rxe6 Kb1 54. Rxg6 Rc5 55. Rb6+ Kc1 56. Ra6 1/2-1/2

[Event "IIFL Wealth 4th Mumbai Open"]
[Site "Mumbai"]
[Date "2018.12.30"]
[Round "1"]
[White "Keerthana, B."]
[Black "Sawant, Akshay"]
[Result "0-1"]
[ECO "B20"]
[WhiteElo "1232"]
[BlackElo "1716"]
[Annotator "NA"]
[PlyCount "72"]
[EventDate "2018.12.30"]
[EventType "swiss"]
[EventCountry "IND"]
[SourceTitle "playchess.com"]
[Source "ChessBase"]
[SourceQuality "1"]
[TimeControl "40/5400+30:1800+30"]

1. e4 c5 2. d3 e6 3. Nd2 Nc6 4. Ngf3 Qc7 5. g3 Nf6 6. Bg2 Be7 7. O-O O-O 8. Re1 d5 9. e5 Nd7 10. Qe2 b5 11. c3 Rb8 12. Nf1 a5 13. h4 Ba6 14. Bf4 b4 15. h5 Rb6 16. Rad1 bxc3 17. bxc3 Rfb8 18. Rd2 a4 19. h6 g6 20. N1h2 a3 21. Ng4 Rb2 22. Red1 Rxd2 23. Rxd2 Nb6 24. Qe3 Na4 25. Nf6+ Kh8 26. Bg5 Nxc3 27. Qf4 Rb4 28. Qe3 Rb2 29. Ne8 Bxg5 30. Qxg5 Qe7 31. Nd6 Qxg5 32. Nxf7+ Kg8 33. N7xg5 Rxd2 34. Nxd2 Nd4 35. Bh3 Nxa2 36. Nxe6 Nc1 0-1

[Event "IIFL Wealth 4th Mumbai Open"]
[Site "Mumbai"]
[Date "2018.12.30"]
[Round "1"]
[White "Bamboat, Hrrehan"]
[Black "Deepak, Rai"]
[Result "0-1"]
[ECO "B07"]
[WhiteElo "1231"]
[BlackElo "1710"]
[Annotator "NA"]
[PlyCount "122"]
[EventDate "2018.12.30"]
[EventType "swiss"]
[EventCountry "IND"]
[SourceTitle "playchess.com"]
[Source "ChessBase"]
[SourceQuality "1"]
[TimeControl "40/5400+30:1800+30"]

1. e4 d6 2. d4 Nf6 3. Nc3 Nbd7 4. Bc4 e5 5. Nge2 c6 6. a4 a5 7. O-O Be7 8. h3 Qc7 9. Be3 Nf8 10. f4 Be6 11. Bd3 Rd8 12. Qe1 exf4 13. Nxf4 Bc8 14. Qg3 Ng6 15. Rae1 Nxf4 16. Qxf4 O-O 17. e5 Nd7 18. Qg3 Kh8 19. Bf4 dxe5 20. dxe5 Qb6+ 21. Be3 Qxb2 22. Bd4 Bc5 23. Qh4 Bxd4+ 24. Qxd4 Qb4 25. Rf4 Qxd4+ 26. Rxd4 Nc5 27. Rxd8 Rxd8 28. Bc4 Kg8 29. Rf1 Be6 30. Be2 Rd4 31. Rb1 Kf8 32. Kf1 Bc4 33. Ke1 Bxe2 34. Kxe2 Ke7 35. Ke3 Rc4 36. Kd2 Ke6 37. Re1 h6 38. Re3 Rd4+ 39. Ke2 Rc4 40. Kd2 Nxa4 41. Nxa4 Rxa4 42. Ke2 Rc4 43. Kd2 b5 44. Kc1 Rc5 45. Kb2 Rxe5 46. Rg3 g6 47. Kb3 c5 48. Kb2 a4 49. Kb1 b4 50. Kc1 c4 51. Kb1 Kd5 52. Rf3 f5 53. Kc1 b3 54. cxb3 axb3 55. Rf2 c3 56. Kd1 Kc4 57. Rf4+ Re4 58. Rf3 b2 59. Kc2 Re2+ 60. Kb1 Kb3 61. g3 Re1# 0-1

[Event "IIFL Wealth 4th Mumbai Open"]
[Site "Mumbai"]
[Date "2018.12.30"]
[Round "1"]
[White "Vegi, Bhavishnu Sai Sivaj"]
[Black "Joglekar, Abhijit"]
[Result "0-1"]
[ECO "C77"]
[WhiteElo "1225"]
[BlackElo "1692"]
[Annotator "NA"]
[PlyCount "108"]
[EventDate "2018.12.30"]
[EventType "swiss"]
[EventCountry "IND"]
[SourceTitle "playchess.com"]
[Source "ChessBase"]
[SourceQuality "1"]
[TimeControl "40/5400+30:1800+30"]

1. e4 e5 2. Nf3 Nc6 3. Bb5 a6 4. Ba4 Nf6 5. Bxc6 dxc6 6. Qe2 Bd6 7. d3 h6 8. Nbd2 Bg4 9. Nc4 Qe7 10. Bd2 O-O 11. O-O-O a5 12. h3 Bxf3 13. gxf3 b5 14. Ne3 g6 15. Rhg1 Kh7 16. Ng4 Nxg4 17. hxg4 Kg7 18. Rh1 Rh8 19. Rh3 Qe6 20. Kb1 c5 21. Rdh1 g5 22. Qf1 a4 23. Rh5 Be7 24. Qh3 b4 25. Qf1 Rab8 26. Bc1 b3 27. cxb3 axb3 28. a3 Rbd8 29. Qe2 Qa6 30. Rd1 Rd7 31. Rh3 Rhd8 32. Rhh1 Rxd3 33. Rxd3 Rxd3 34. Rd1 c4 35. Rxd3 cxd3 36. Qd2 Qc4 37. Qc3 Qxc3 38. bxc3 Bxa3 39. Bd2 Kf6 40. Ka1 Ke6 41. Kb1 Kd6 42. Ka1 Kc5 43. Kb1 Kc4 44. Ka1 Bc5 45. Kb2 Bxf2 46. Kc1 Bg3 47. Kb2 Bf4 48. Bxf4 gxf4 49. Kc1 Kxc3 50. Kd1 b2 51. Ke1 b1=Q+ 52. Kf2 Qc2+ 53. Kf1 Qh2 54. Ke1 Qe2# 0-1